Map: Dusty Gorge

Players

PureLegacy - Winner!

  • Race: Terran Terran
  • Spawn Location: 11:00

Rolo - Winner!

  • Race: Zerg Zerg
  • Spawn Location: 9:00

Sito

  • Race: Zerg Zerg
  • Spawn Location: 5:00

WeX

  • Race: Terran Terran
  • Spawn Location: 3:00

VOD

Have the link to the VOD?

Description

Time

  • Played on: Nov. 27, 2018, 2:17 p.m.
  • Length: 3:56
Show
View Real Time Build Order
Export as new Build Order

PureLegacy Terran - Winner!

Build Orders:  

Get SALT Encoding   

  12  0:01  SCV  
  13  0:13  SCV  
  14  0:18  Supply Depot  
  14  0:25  SCV  
  15  0:29  Refinery  
  15  0:40  SCV  
  16  0:46  Barracks  
  16  0:52  SCV  
  17  1:03  Barracks  
  17  1:17  Barracks  
  17  1:23  SCV  
  18  1:34  Reaper  
  19  1:40  Orbital Command  
  19  1:48  Refinery  
  19  1:51  Reaper  
  20  2:02  Supply Depot  
  20  2:05  Reaper  
  21  2:10  Reaper  
  21  2:15  SCV  
  23  2:25  Reaper  
  24  2:31  Supply Depot  
  24  2:38  Reaper  
  24  2:42  Reaper  
  26  2:48  SCV  
  27  3:06  Reaper  
  28  3:16  Reaper  
  28  3:17  Reaper  
  28  3:18  Command Center  
  29  3:22  SCV  
  30  3:34  SCV  
  30  3:49  Barracks Tech Lab, Barracks Reactor  
  30  3:50  Barracks Reactor  
  30  3:54  Factory  
Show
View Real Time Build Order
Export as new Build Order

Rolo Zerg - Winner!

Build Orders: Pool First 

Get SALT Encoding   

  12  0:03  Drone  
  13  0:13  Extractor  
  12  0:26  Spawning Pool  
  11  0:29  Drone  
  11  0:34  Drone  
  13  0:40  Drone  
  14  0:51  Overlord  
  14  1:13  Zergling x2  
  14  1:14  Zergling x2  
  14  1:16  Metabolic Boost  
  16  1:21  Zergling x2  
  17  1:30  Queen  
  19  1:34  Zergling x2  
  20  1:45  Zergling x2  
  21  1:54  Overlord  
  21  2:05  Drone  
  22  2:17  Drone  
  22  2:18  Hatchery  
  22  2:33  Zergling x2  
  22  2:44  Zergling x4  
  22  2:45  Zergling x4  
  25  3:06  Zergling x2  
  25  3:12  Zergling x2  
  24  3:19  Drone x2  
  26  3:20  Queen  
  28  3:31  Drone x3  
  28  3:33  Drone  
Show
View Real Time Build Order
Export as new Build Order

Sito Zerg 

Build Orders: Hatch First 

Get SALT Encoding   

  12  0:02  Drone  
  13  0:12  Overlord  
  13  0:18  Drone  
  14  0:32  Drone x2  
  16  0:38  Drone  
  17  0:55  Hatchery  
  16  0:59  Drone  
  16  1:02  Drone  
  18  1:12  Extractor  
  17  1:18  Spawning Pool  
  17  1:21  Drone  
  17  1:24  Drone  
  18  1:28  Drone  
  19  1:40  Overlord  
  19  2:06  Spine Crawler  
  19  2:07  Zergling x6  
  21  2:08  Roach Warren  
  21  2:13  Zergling x2  
  21  2:17  Queen  
  21  2:21  Zergling x2  
  24  2:48  Roach x3  
  30  2:55  Roach  
  31  2:59  Roach  
  33  3:09  Roach  
  33  3:15  Roach  
  33  3:22  Roach  
  33  3:26  Drone  
  36  3:32  Overlord  
Show
View Real Time Build Order
Export as new Build Order

WeX Terran 

Build Orders:  

Get SALT Encoding   

  12  0:01  SCV  
  13  0:13  SCV  
  14  0:18  Supply Depot  
  14  0:25  SCV  
  15  0:29  Refinery  
  15  0:40  SCV  
  16  0:46  Barracks  
  16  0:52  SCV  
  17  1:04  SCV  
  18  1:14  Supply Depot  
  18  1:16  SCV  
  19  1:33  Refinery  
  19  1:39  Factory, Marine  
  20  1:49  Orbital Command  
  20  1:57  Marine  
  21  2:06  Bunker  
  21  2:14  Marine  
  22  2:22  Hellion  
  24  2:32  Marine  
  24  2:48  Supply Depot  
  24  2:50  Marine  
  25  2:52  Hellion  
  25  3:08  Marine  
  25  3:12  SCV  
  25  3:14  Hellion  
  27  3:22  Starport  
  27  3:26  Marine  
  27  3:35  Hellion  
Tags
 
Add a new tag
Caveats
  • Supply blocks, unpowered buildings, or Contaminate may cause inaccurate times.
  • Supply counts are checked every 10 seconds.